 Dungeon Crawl Stone Soup version 0.28.0-53-g5a82cb258f (webtiles) character file.

Game seed: 14128299191030443513

340 cbfl8 the Chopper (level 6, -18/56 HPs)
             Began as a Minotaur Berserker on July 12, 2022.
             Was a Priest of Trog.
             Demolished by an ogre
             ... wielding a +0 giant club
              (24 damage)
             ... on level 5 of the Dungeon.
             The game lasted 00:05:09 (4599 turns).

cbfl8 the Chopper (Minotaur Berserker)              Turns: 4599, Time: 00:05:10

Health: -18/56     AC: 12    Str: 21    XL:     6   Next: 30%
Magic:  5/5        EV:  8    Int:  4    God:    Trog [***...]
Gold:   208        SH:  0    Dex: 12    Spells: 5/5 levels left

rFire   . . .      SeeInvis .   a - +0 hand axe
rCold   + . .      Faith    .   (no shield)
rNeg    . . .      Spirit   .   b - +0 chain mail
rPois   +          Reflect  .   (helmet restricted)
rElec   .          Harm     .   n - +0 cloak
rCorr   .          Rampage  .   (no gloves)
Will    .....                   r - +1 pair of boots
Stlth   ..........              (no amulet)
HPRegen 0.18/turn               f - ring of poison resistance
MPRegen 0.09/turn               g - ring of protection from cold

@: no status effects
A: horns 2, retaliatory headbutt
a: Renounce Religion, Berserk, Trog's Hand


You were on level 5 of the Dungeon.
You worshipped Trog.
Trog was most pleased with you.
You visited 1 branch of the dungeon, and saw 5 of its levels.

You collected 208 gold pieces.

Inventory:

Hand Weapons
 a - a +0 hand axe (weapon)
Armour
 b - a +0 chain mail (worn)
 n - a +0 cloak (worn)
 r - a +1 pair of boots (worn)
Jewellery
 f - a ring of poison resistance (left hand)
 g - a ring of protection from cold (right hand)
Wands
 d - a wand of polymorph (13)
Scrolls
 e - a scroll of enchant armour {unknown}
 h - 3 scrolls of identify {unknown}
 i - a scroll of fog {unknown}
 j - 2 scrolls of blinking {unknown}
 k - a scroll of fear {unknown}
Potions
 c - a potion of ambrosia {unknown}
 l - 2 potions of lignification {unknown}
 m - a potion of heal wounds {unknown}
 o - a potion of curing {unknown}
 p - a potion of might {unknown}
 q - a potion of invisibility {unknown}


   Skills:
 + Level 5.1 Fighting
 + Level 6.3 Axes
 + Level 3.7 Armour
 + Level 3.3 Dodging
 + Level 0.9 Stealth


You had 5 spell levels left.
You didn't know any spells.
Your spell library was empty.

Dungeon Overview and Level Annotations

Branches:
Dungeon (5/15)
 Temple: D:4-7

Altars:
Elyvilon
Uskayaw


Innate Abilities, Weirdness & Mutations

You have a pair of horns on your head.
You reflexively headbutt those who attack you in melee.


Message History

You hit the hound zombie.
You destroy the hound zombie!
Trog accepts your kill.
Found a leather armour.
No target in view!
Found a halberd.
No target in view!
p - a lumpy sapphire potion No target in view!
Found a ring mail.
No target in view!
An ogre comes into view. It is wielding a +0 giant club.
The ogre shouts!
The ogre moves out of view.
No target in view!
Found a stone staircase leading up.
The ogre hits you with a +0 giant club!
An ogre is nearby!
An ogre is nearby!
You hit the ogre. Your headbutt misses the ogre.
The ogre is moderately wounded.
The ogre barely misses you.
You completely miss the ogre.
The ogre is moderately wounded.
The ogre barely misses you.
You hit the ogre.
The ogre is moderately wounded.
The ogre hits you with a +0 giant club!
You hit the ogre but do no damage.
The ogre is moderately wounded.
You slash the ogre! Your punch misses the ogre.
The ogre is severely wounded.
The ogre hits you with a +0 giant club!
You hit the ogre. You headbutt the ogre.
The ogre is almost dead.
The ogre hits you with a +0 giant club!!
* * * LOW HITPOINT WARNING * * *
You hit the ogre. Your headbutt misses the ogre.
The ogre is almost dead.
The ogre hits you with a +0 giant club!!
You die...

###....# #...#.## #######
####.###.# .......
#....##..# .......
###....[...# <......
...........# .......
###.......#
...[...##########.......#
.........O@....##.......#
......?#######..........#
....... ####....)..#
....... #.......# #######
#.......# #.......#
#########


You could see an ogre.

Vanquished Creatures
  An ogre (D:4)
  An iguana (D:4)
  Jessica (D:3)
  A hound zombie (D:5)
  6 river rats (D:4)
  3 adders
  An adder skeleton (D:4)
  3 worms
  2 dart slugs
  An orc (D:3)
  6 endoplasms
  5 giant cockroaches
  3 goblins
  11 hobgoblins
  7 jackals
  9 kobolds
  2 quokkas
  9 ball pythons
  6 bats
  A frilled lizard (D:2)
  18 rats
  A bush (D:3)
98 creatures vanquished.

Vanquished Creatures (others)
  A plant (D:1)
1 creature vanquished.

Grand Total: 99 creatures vanquished

Notes
Turn   | Place    | Note
-------+----------+-------------------------------------------
     0 | D:1      | cbfl8 the Minotaur Berserker began the quest for the Orb.
     0 | D:1      | Reached XP level 1. HP: 19/19 MP: 0/0
   236 | D:1      | Reached skill level 4 in Axes
   236 | D:1      | Reached XP level 2. HP: 25/27 MP: 1/1
   815 | D:1      | Reached ** piety under Trog
   819 | D:1      | Reached XP level 3. HP: 32/33 MP: 2/2
  1747 | D:2      | Reached XP level 4. HP: 41/41 MP: 3/3
  1882 | D:2      | Found a faded altar of an unknown god.
  2519 | D:3      | Found a white marble altar of Elyvilon.
  2779 | D:3      | Noticed Jessica
  2785 | D:3      | Killed Jessica
  2786 | D:3      | Reached skill level 5 in Axes
  2988 | D:3      | You fall into a shaft and drop 1 floor!
  3000 | D:4      | Reached XP level 5. HP: 36/47 MP: 4/4
  3737 | D:4      | Noticed an ogre
  3745 | D:4      | Killed an ogre
  3746 | D:4      | Reached skill level 5 in Fighting
  3837 | D:4      | Found a hide-covered altar of Uskayaw.
  4307 | D:4      | Reached *** piety under Trog
  4318 | D:4      | Reached XP level 6. HP: 45/56 MP: 5/5
  4327 | D:4      | Reached skill level 6 in Axes
  4522 | D:5      | Entered Level 5 of the Dungeon
  4599 | D:5      | Demolished by an ogre

Illustrated notes

Levels and vault maps discovered:
D:1:      elethiomel_arrival_shortcut, layout_basic, serial_forest,
          infiniplex_forest_fountain, infiniplex_forest_lined_2,
          infiniplex_forest_lined_4_way, infiniplex_forest_clump_small,
          infiniplex_forest_zigzag_1, infiniplex_forest_straight_5,
          infiniplex_forest_clump_medium
D:2:      layout_basic, hellmonk_ecumenical_altar_prayer_group,
          kennysheep_generic_room_15
D:3:      layout_loops_cross, mainiacjoe_overflow_24_doors, serial_forest,
          infiniplex_forest_end_3, infiniplex_forest_clump_tiny,
          infiniplex_forest_lined_1, infiniplex_forest_straight_3,
          infiniplex_forest_lined_3, uniq_jessica
D:4:      layout_cave_pools, nicolae_uskayaw_murder_on_the_dancefloor,
          nicolae_zen_rock_garden, dk_rats_in_the_wall
D:5:      layout_rooms, serial_shops, nicolae_shop_stone, shop,
          nicolae_shop_bloodbath_and_beyond, ebering_ghost_gozag

Skill      XL: |  1  2  3  4  5  6 |
---------------+-------------------+-----
Axes           | 4 5 6 |  6.3
Fighting       | 4 5 |  5.1
Armour         | 3 |  3.7
Dodging        | 3 |  3.3
Stealth        | |  0.9

Action                   |  1- 3 |  4- 6 || total
-------------------------+-------+-------++-------
Melee: Hand axe          |    83 |   171 ||   254
       Headbutt          |     6 |    40 ||    46
       Punch             |       |     3 ||     3
Invok: Berserk           |       |     2 ||     2
       Trog's Hand       |       |     1 ||     1
Armor: Animal skin       |     5 |       ||     5
       Leather armour    |    13 |     1 ||    14
       Ring mail         |       |    18 ||    18
       Chain mail        |       |    26 ||    26
Dodge: Dodged            |    56 |    52 ||   108
